 Dungeon Crawl Stone Soup version 0.18-a0-888-gdb73dea (webtiles) character file.

78 Duffy the Sneak (level 4, -2/39 HPs)
             Began as a Naga Assassin on Dec 23, 2015.
             Slain by an orc
             ... wielding a +0 trident
              (9 damage)
             ... on level 4 of the Dungeon.
             The game lasted 00:02:54 (3058 turns).

Duffy the Sneak (Naga Assassin)                     Turns: 3058, Time: 00:02:54

Health: -2/39      AC:  3    Str: 13    XL:     4   Next: 36%
Magic:  4/4        EV:  4    Int: 12    God:
Gold:   108        SH:  0    Dex: 13    Spells: 0 memorised, 3 levels left

rFire  . . .     SeeInvis +     a - +2 dagger
rCold  . . .     Gourm    .     c - +0 robe
rNeg   . . .     Faith    .     (no shield)
rPois  +         Spirit   .     (no helmet)
rElec  .         Dismiss  .     d - +0 cloak
rCorr  .         Reflect  .     (no gloves)
SustAt .         Harm     .     (no barding)
MR     +....                    (no amulet)
Stlth  +++.......               (no ring)
                                n - ring of protection from magic

@: very slow, somewhat resistant to hostile enchantments, fairly stealthy
A: see invisible, deformed body, poison resistance, slowness 2, slow metabolism
1, spit poison 2, AC +1
a: Spit Poison


You were on level 4 of the Dungeon.
You were not hungry.

You visited 1 branch of the dungeon, and saw 4 of its levels.

You collected 108 gold pieces.


Innate Abilities, Weirdness & Mutations

You cannot wear boots.
Your serpentine skin is tough (AC +1).
You have supernaturally acute eyesight.
Armour fits poorly on your strangely shaped body.
Your system is resistant to poisons.
You cover ground very slowly.
You have a slow metabolism.
You can spit poison.


   Skills:
 - Level 2.0 Fighting
 - Level 2.0 Short Blades
 + Level 4.0 Throwing
 - Level 0.7 Dodging
 - Level 5.8 Stealth


You had 3 spell levels left.
You didn't know any spells.

Inventory:

Hand Weapons
 a - a +2 dagger (weapon)
 b - a +0 blowgun
Missiles
 e - 8 poisoned needles
 f - 2 curare-tipped needles
 m - a throwing net (quivered)
Armour
 c - a +0 robe (worn)
 d - a +0 cloak (worn)
 u - a +0 shield
Jewellery
 n - a ring of protection from magic (left hand)
Scrolls
 h - 2 scrolls of random uselessness {unknown}
 l - a scroll of teleportation {unknown}
 o - a scroll of identify {unknown}
 q - a scroll of immolation {unknown}
 t - a scroll of enchant armour {unknown}
Potions
 i - a potion of mutation {unknown}
 j - 2 potions of haste {unknown}
 k - a potion of poison {unknown}
 p - a potion of might {unknown}
 s - a potion of flight {unknown}
Comestibles
 g - 2 bread rations
 r - a chunk of flesh

Dungeon Overview and Level Annotations

Branches:
Dungeon (4/15)
 Temple: D:4-7

Altars:
Gozag
Sif Muna
Xom

Annotations:
D:3 Shiggs's ghost, amateur GrFi
D:4 Borgoz's ghost, amateur CeGl


Message History

5 orcs and a player ghost come into view.
The orc shouts!
Found 26 stones, 14 gold pieces and a robe.
There is a stone staircase leading up here.
Press: ? - help, Shift-Dir - straight line, f - orc
Aim: an orc (hasn't noticed you)
The splash of poison hits the orc.
You kill the orc!
You feel slightly more hungry.
Borgoz's ghost turns its malevolent gaze towards you.
The orc shouts! x3
You hit the orc.
The orc is severely wounded.
The orc completely misses you. The orc barely misses you.
You climb upwards.
Level annotation: Shiggs's ghost, amateur GrFi
There is a stone staircase leading down here.
You hit the orc.
You kill the orc!
No target in view!
No target in view!
You have got your breath back.
Things that are here:
a falchion; an orc corpse
There is a stone staircase leading down here.
You climb downwards.
Level annotation: Borgoz's ghost, amateur CeGl The orc hits you.
Borgoz's ghost hits you. The orc hits you but does no damage. The orc hits you.
The orc closely misses you. Borgoz's ghost hits you!
The orc hits you but does no damage. The orc hits you with a trident.
There is a stone staircase leading up, spattered with blood here.
The orc hits you but does no damage. Borgoz's ghost hits you! The orc hits you.
The orc hits you with a trident!
You die...

...# ...
### ..#
#..##..####
#......[...
#..........
#..oo(.....
#.o@.......
#$.W.......
#..........
#......##..
.......# .
........#
#........#
#........#


You could see Borgoz's ghost and 3 orcs.

Action                   |  1- 3 |  4- 6 || total
-------------------------+-------+-------++-------
Melee: Dagger            |   120 |    26 ||   146
 Abil: Spit Poison       |    16 |     3 ||    19
 Stab: Sleeping          |     4 |     1 ||     5
       Distracted        |     1 |       ||     1
  Eat: Chunk             |     3 |     3 ||     6

Notes
Turn   | Place    | Note
--------------------------------------------------------------
     0 | D:1      | Duffy the Naga Assassin began the quest for the Orb.
     0 | D:1      | Reached XP level 1. HP: 19/19 MP: 1/1
    29 | D:1      | Reached skill level 2 in Throwing
    50 | D:1      | Reached XP level 2. HP: 1/26 MP: 2/2
   932 | D:1      | Reached skill level 3 in Throwing
   973 | D:1      | Reached XP level 3. HP: 13/32 MP: 3/3
  2052 | D:2      | Found an opulent altar of Gozag.
  2106 | D:2      | Reached XP level 4. HP: 32/39 MP: 4/4
  2291 | D:2      | Found a deep blue altar of Sif Muna.
  2291 | D:2      | Found a shimmering altar of Xom.
  2416 | D:2      | Reached skill level 4 in Throwing
  2777 | D:3      | Noticed Shiggs's ghost (amateur GrFi)
  3048 | D:4      | Noticed Borgoz's ghost (amateur CeGl)
  3058 | D:4      | Slain by an orc

Vault maps used:
D:1:      scummos_arrival_checkerplants
D:2:      lemuel_round_altar, gammafunk_temple_overflow_elements
D:3:      kennysheep_big_flooded_room, first_bread
D:4:      lemuel_round_altar, uniq_sigmund, uniq_crazy_yiuf_cottage

Vanquished Creatures
  2 adders
  An ooze
  A worm
  2 orcs
  A ball python
  3 goblins
  10 hobgoblins
  12 jackals
  3 kobolds
  5 bats
  A giant gecko
  2 giant newts
  4 rats
47 creatures vanquished.
